cohdb
Replays
Latest Replays
All Replays
Popular Replays
Top Player Replays
Match Explorer
How It Works
Community
CoH3 Stats
Reddit
Sign in to upload your games and track your stats! →
Sign in with Steam
Match 42908076
Unlisted
Match 42908076
Overview
Messages
Build Orders
End
250 Light Carrier
Selects Armored Support Battlegroup
Panzerpioneer Squad
250 Light Carrier
Construct Light Support Kompanie
Panzergrenadier Squad
Fire Support Elements
Selects Superior Fire Drills
2.5-tonne Medical Truck
Panzerjäger Squad
le.IG 18 Mechanized Group
Selects Salvage Kits
Construct Mechanized Kompanie
254 Reconnaissance Tractor
Combat Half-tracks
Emergency Repair Kits
Marder III Tank Destroyer
2.5-tonne Medical Truck
2.5-tonne Medical Truck
le.IG 18 Mechanized Group
Construct Panzerarmee Kommand
Selects Flammpanzer III Medium Tank
Panzerjäger Squad
Panzerjäger Squad
Walking Stuka Rocket Launcher
Armored Reserves
Selects Panzer Storm
Selects Command Panzer IV F Medium Tank
Tiger Heavy Tank
Selects Stuka Anti-tank Loiter
Stuka Anti-tank Loiter
Panzer Storm
Eiermayer
Ozrealix
마돌체는사랑입니다
PenikmatKopi
Luchs
connyatwork
Nietzsche1x
豆了个饼
0
0
Comments
sign in to comment!
No comments posted yet!